 Dungeon Crawl Stone Soup version 0.31-a0-1308-ga3cce3a448 (webtiles) character file.

Game seed: 12214801385596496160

13 bmb222 the Sneak (level 2, -8/24 HPs)
             Began as a Demonspawn Delver on Dec 19, 2023.
             Mangled by an iguana (11 damage)
             ... on level 4 of the Dungeon.
             The game lasted 00:00:21 (320 turns).

bmb222 the Sneak (Demonspawn Delver)                 Turns: 320, Time: 00:00:22

Health: -8/24      AC:  3    Str: 12    XL:     2   Next: 24%
Magic:  2/2        EV: 12    Int: 10    God:
Gold:   56         SH:  0    Dex: 14    Spells: 1/1 levels left

rFire   . . .        a - +0 short sword
rCold   . . .        (no shield)
rNeg    . . .        b - +0 leather armour
rPois   .            (helmet restricted)
rElec   .            (no cloak)
rCorr   .            (no gloves)
SInv    .            (no boots)
Will    .....        (no amulet)
Stlth   +++          (no ring)
HPRegen 0.24/turn    (no ring)
MPRegen 0.08/turn

%: no passive effects
@: no status effects
A: horns 1
a: no special abilities


You were on level 4 of the Dungeon.
You visited 1 branch of the dungeon, and saw 2 of its levels.

You collected 56 gold pieces.

Inventory:

Hand Weapons
 a - a +0 short sword (weapon)
Armour
 b - a +0 leather armour (worn)
Wands
 g - a wand of digging (3)
Scrolls
 c - a scroll of fog
 d - a scroll of revelation
 e - a scroll of fear
Potions
 f - a potion of haste


   Skills:
 + Level 3.1 Fighting
 + Level 2.0 Short Blades
 + Level 2.0 Dodging
 + Level 4.6 Stealth


You had one spell level left.
You didn't know any spells.
Your spell library was empty.

Dungeon Overview and Level Annotations

Branches:
Dungeon (5/15)
 Temple: D:4-7

Altars:


Innate Abilities, Weirdness & Mutations

You have a pair of small horns on your head.


Message History

No target in view!
Found a leather armour.
No target in view!
No target in view!
You now have 29 gold pieces (gained 11).
Found a dagger.
No target in view!
You see here a +0 dagger.
Found a stone staircase leading up.
No target in view!
You now have 43 gold pieces (gained 14).
You now have 56 gold pieces (gained 13).
Found a short sword.
No target in view!
An iguana comes into view.
The iguana hisses angrily.
Found two stone staircases leading down.
An iguana is nearby!
You hit the iguana but do no damage. The iguana bites you!
Ouch! That really hurt!
* * * LOW HITPOINT WARNING * * *
You hit the iguana.
The iguana is lightly wounded.
The iguana bites you!
* * * LOW HITPOINT WARNING * * *
You barely miss the iguana.
The iguana is lightly wounded.
The iguana bites you but does no damage.
You barely miss the iguana. Your headbutt misses the iguana.
The iguana is lightly wounded.
The iguana misses you.
You barely miss the iguana.
The iguana is lightly wounded.
The iguana bites you but does no damage.
You closely miss the iguana.
The iguana is lightly wounded.
You hit the iguana but do no damage.
The iguana is lightly wounded.
The iguana bites you!
You die...

...............#####
.##.#.###..........###
...... ##...........#
.##..... ##....###.#.#
##...## ##.#.# #.#.#
##.## ###.###.#.# #.#
#.#...#.# #.#
#.#.###.# #.#@# #.#
#.)l....# ###.#####
..# ..# >... ...#
##>.#


You could see an iguana.

Vanquished Creatures
  An adder (D:4)
  2 endoplasms (D:4)
  2 ball pythons (D:4)
5 creatures vanquished.

Notes
Turn   | Place    | Note
-------+----------+-------------------------------------------
     0 | D:5      | bmb222 the Demonspawn Delver began the quest for the Orb.
     0 | D:5      | Reached XP level 1. HP: 18/18 MP: 1/1
    33 | D:5      | Noticed a hound
   114 | D:4      | Gained mutation: You have a pair of small horns on your
                  | head. [demonic ancestry]
   114 | D:4      | Reached XP level 2. HP: 24/24 MP: 2/2
   320 | D:4      | Mangled by an iguana

Illustrated notes

Levels and vault maps discovered:
D:4:      minmay_razor_zed, layout_loops_corners,
          mainiacjoe_overflow_concentric_impassable, minmay_misc_feat_hallway
D:5:      layout_gridville, nicolae_uskayaw_dance_hall

Skill      XL: |  1 |
---------------+----+-----
Short Blades   | 2 |  2.0
Dodging        | 2 |  2.0
Fighting       | |  3.1
Stealth        | |  4.6

Action                     || total
---------------------------++-------
  Melee: Short sword       ||    12
   Stab: Sleeping          ||     5
 Armour: Leather armour    ||     5
  Dodge: Dodged            ||     1

Table legend: (Time is in decaauts)
 A = Elapsed time spent in this place.
 B = Non-inter-level travel time spent in this place.
 C = Inter-level travel time spent in this place.
 D = Time resting spent in this place.
 E = Time spent auto-exploring this place.
 F = Levels seen in this place.
 G = Mean time per level.
                   A        B        C        D        E       F      G
               +--------+--------+--------+--------+--------+-----+--------+
         Total |    318 |    318 |      0 |      0 |    246 |   2 |  159.0 |
       Dungeon |    318 |    318 |      0 |      0 |    246 |   2 |  159.0 |
               +--------+--------+--------+--------+--------+-----+--------+

Top non-repeatable levels by time:
     D:4: 266 daAuts
     D:5: 52 daAuts
